 Dungeon Crawl Stone Soup version 0.27-a0-951-gae3e1deef5 (webtiles) character file.

Game seed: 4182570084705783596

976 polve the Skirmisher (level 7, -7/57 (64) HPs)
             Began as a Demonspawn Abyssal Knight on Apr 11, 2021.
             Was a Believer of Lugonu.
             Mangled by a wight
             ... wielding a +0 dagger of electrocution
              (15 damage)
             ... on level 6 of the Dungeon.
             The game lasted 00:05:29 (5923 turns).

polve the Skirmisher (Demonspawn Abyssal Knight)    Turns: 5923, Time: 00:05:31

HP:   -7/57 (64)    AC:  6    Str: 18    XL:     7   Next: 95%
MP:   8/8           EV: 10    Int: 18    God:    Lugonu [**....]
Gold: 230           SH:  0    Dex: 12    Spells: 6/6 levels left

rFire    . . .     SeeInvis .     - Unarmed
rCold    . . .     Faith    .   (no shield)
rNeg     . . .     Spirit   .   d - +1 ring mail {rPois}
rPois    +         Reflect  .   (helmet restricted)
rElec    .         Harm     .   (no cloak)
rCorr    .         Rampage  .   (no gloves)
Will     .....     Rnd*Rage +   (no boots)
Stlth    +.........             (no amulet)
HPRegen  0.19/turn              b - +6 ring of strength
MPRegen  0.11/turn              (no ring)

@: heavily drained
A: claws 2, powered by pain 2, big brain 1, horns 1, berserk 1, robust 1, wild
magic 1
a: Renounce Religion, Depart the Abyss, Bend Space


You were on level 6 of the Dungeon.
You worshipped Lugonu.
Lugonu was pleased with you.
You visited 1 branch of the dungeon, and saw 6 of its levels.
You visited the Abyss 1 time.

You collected 230 gold pieces.

Inventory:

Armour
 d - a +1 ring mail of poison resistance (worn)
 g - a +0 helmet
Jewellery
 b - a +6 ring of strength (left claw)
Wands
 c - a wand of charming (12)
 k - a wand of random effects (28)
Scrolls
 e - a scroll of teleportation {unknown}
 f - 5 scrolls of identify {unknown}
 h - a scroll of fog {unknown}
 i - 3 scrolls of torment {unknown}
 m - a scroll of enchant armour {unknown}
 n - a scroll of fear {unknown}
 p - 2 scrolls of amnesia {unknown}
Potions
 a - a potion of flight {unknown}
 j - 3 potions of curing
 l - a potion of haste


   Skills:
 + Level 6.5 Fighting
 - Level 2.5 Long Blades
 - Level 1.7 Armour
 - Level 0.8 Dodging
 + Level 6.0 Unarmed Combat
 - Level 2.4 Invocations


You had 6 spell levels left.
You didn't know any spells.
Your spell library was empty.

Dungeon Overview and Level Annotations

Branches:
Dungeon (6/15)             Temple (0/1) D:4

Altars:
Fedhas
Makhleb
Trog
Uskayaw
Vehumet
Wu Jian
Xom


Innate Abilities, Weirdness & Mutations

You have very sharp fingernails.
You sometimes gain power by taking damage.
You have an unusually large brain. (Int +2)
You have a pair of small horns on your head.
You tend to lose your temper in combat.
You are robust. (+10% HP)
Your spells are a little harder to cast, but a little more powerful.


Message History

No target in view!
No target in view!
No target in view!
No target in view!
A wight comes into view. It is wielding a +3 trident.
A wight is nearby!
A wight comes into view.
It is wielding a +0 dagger of electrocution.
Found a stone staircase leading up.
The wight hits you with a +3 trident.
You feel drained.
You barely miss the wight.
You headbutt the wight, but do no damage.
The wight hits you with a +3 trident.
You feel drained.
You closely miss the wight. The wight hits you but does no damage.
The wight hits you with a +0 dagger of electrocution.
You are electrocuted!
You are too injured to fight recklessly!
You are too injured to fight recklessly!
You are too injured to fight recklessly!
You are too injured to fight recklessly!
You are too injured to fight recklessly!
You are too injured to fight recklessly!
You are too injured to fight recklessly!
You are too injured to fight recklessly!
You are too injured to fight recklessly!
You are too injured to fight recklessly!
You are too injured to fight recklessly!
You claw the wight!
The wight is heavily damaged.
The wight hits you with a +3 trident!
You feel drained.
The wight hits you with a +0 dagger of electrocution.
You completely miss the wight. Your headbutt misses the wight.
The wight is heavily damaged.
The wight hits you with a +3 trident!
* * * LOW HITPOINT WARNING * * *
You feel drained.
* * * LOW HITPOINT WARNING * * *
The wight hits you with a +0 dagger of electrocution.
* * * LOW HITPOINT WARNING * * *
You are electrocuted!
You die...

######...........# ####
#...........# ...#
##.........## ##.#
###..........#
#.########............#
#....##..)............#
####....##..(.........#
##...##............#
#..>....#####..@.....##
#..#####..# ##.zz...##
# ##.# ##......# .. ...
#.###..# ## ##.# ..#
..# ... ..< .# #. ... #
....


You could see 2 wights.

Vanquished Creatures
  Sigmund (D:5)
  A sky beast (D:5)
  A phantom (D:4)
  A water moccasin skeleton (D:5)
  3 wights (D:6)
  A crimson imp (D:6)
  A jelly (D:6)
  3 hounds
  An orc priest (D:4)
  3 iguanas
  An orc wizard (D:4)
  2 hound skeletons (D:4)
  A howler monkey zombie (D:6)
  4 gnolls
  5 adders
  An ufetubus (D:5)
  2 worms
  A dart slug (D:3)
  2 orcs
  2 bats (D:1)
  8 endoplasms
  3 giant cockroaches
  9 goblins
  3 hobgoblins
  2 jackals (D:3)
  8 kobolds
  A quokka (D:1)
  2 ball pythons
  6 frilled lizards
  7 rats
86 creatures vanquished.

Notes
Turn   | Place    | Note
-------+----------+-------------------------------------------
     0 | Abyss:1  | polve the Demonspawn Abyssal Knight began the quest for the
                  | Orb.
     0 | Abyss:1  | Reached XP level 1. HP: 18/18 MP: 2/2
   101 | Abyss:2  | Noticed a starcursed mass
   105 | D:1      | Escaped the Abyss
   271 | D:1      | Reached * piety under Lugonu
   292 | D:1      | Gained mutation: You have sharp fingernails. [demonic
                  | ancestry]
   292 | D:1      | Reached XP level 2. HP: 24/24 MP: 3/3
   981 | D:1      | Found a faded altar of an unknown god.
   997 | D:1      | Reached skill level 1 in Unarmed Combat
  1188 | D:2      | Found a hide-covered altar of Uskayaw.
  1406 | D:2      | Gained mutation: You sometimes gain a little power by
                  | taking damage. [demonic ancestry]
  1406 | D:2      | Reached XP level 3. HP: 29/29 MP: 4/4
  1999 | D:3      | Gained mutation: You sometimes gain power by taking damage.
                  | [demonic ancestry]
  1999 | D:3      | Reached XP level 4. HP: 33/35 MP: 5/5
  2405 | D:3      | Reached ** piety under Lugonu
  3193 | D:4      | Identified the +1 robe "Kier Qiu" {rC- rCorr Int+3 SInv}
  3370 | D:4      | Gained mutation: You have very sharp fingernails. [demonic
                  | ancestry]
  3370 | D:4      | Reached XP level 5. HP: 39/41 MP: 6/6
  3452 | D:4      | Found a staircase to the Ecumenical Temple.
  4009 | D:4      | Noticed a phantom
  4022 | D:4      | Killed a phantom
  4023 | D:4      | Gained mutation: You have an unusually large brain. (Int
                  | +2) [demonic ancestry]
  4023 | D:4      | Reached XP level 6. HP: 37/49 MP: 7/7
  4128 | D:5      | Entered Level 5 of the Dungeon
  4266 | D:5      | Noticed Sigmund
  4282 | D:5      | HP: 2/49 [Sigmund/+2 scythe of flaming (2)]
  4284 | D:5      | Gained mutation: You tend to lose your temper in combat.
                  | [potion of mutation]
  4284 | D:5      | Gained mutation: You are robust. (+10% HP) [potion of
                  | mutation]
  4284 | D:5      | Gained mutation: You have a pair of small horns on your
                  | head. [potion of mutation]
  4284 | D:5      | Gained mutation: Your spells are a little harder to cast,
                  | but a little more powerful. [potion of mutation]
  4291 | D:5      | Killed Sigmund
  4292 | D:5      | Reached skill level 5 in Fighting
  4512 | D:5      | Found a bloodstained altar of Trog.
  4638 | D:5      | Noticed a sky beast
  4653 | D:5      | Killed a sky beast
  4654 | D:5      | Reached skill level 5 in Unarmed Combat
  4654 | D:5      | Reached XP level 7. HP: 45/61 MP: 8/8
  4889 | D:5      | Found a large runed translucent door.
  4890 | D:5      | Found a large runed translucent door.
  4910 | D:5      | Found a shimmering altar of Xom.
  4922 | D:5      | Found an ornate altar of the Wu Jian Council.
  5067 | D:5      | Found a radiant altar of Vehumet.
  5117 | D:6      | Found a burning altar of Makhleb.
  5144 | D:6      | Found a blossoming altar of Fedhas.
  5923 | D:6      | Mangled by a wight

Illustrated notes

Levels and vault maps discovered:
D:1:      elethiomel_arrival_infinity_welcomes_careful_drivers, layout_basic,
          shapermc_ecumenical_altar_mp_vishouse, minmay_pentomino_u4
D:2:      layout_basic, basic_altar
D:3:      layout_rooms, gup_sewer_entry_glass, corexii_corridor_pit
D:4:      layout_loops_ring, minmay_temple_entry_grid, lightli_corner_chamber
D:5:      wander_river, layout_cave_pools, general_overflow_altar,
          lemuel_coloured_pillars_altar, jmf_multi_god_temple2, uniq_sigmund
D:6:      layout_rooms, makhleb_grotto_becter, amcnicky_altar_gilded

Skill      XL: |  1  2  3  4  5  6  7 |
---------------+----------------------+-----
Long Blades    | 2 |  2.5
Unarmed Combat | 1 2 3 4 5 6 |  6.0
Fighting       | 4 5 6 |  6.5
Armour         | |  1.7
Dodging        | |  0.8
Invocations    | |  2.4

Action                   |  1- 3 |  4- 6 |  7- 9 || total
-------------------------+-------+-------+-------++-------
Melee: Falchion          |   113 |    18 |       ||   131
       Unarmed           |       |   139 |    77 ||   216
       Punch             |       |     1 |     2 ||     3
       Headbutt          |       |     3 |    12 ||    15
Invok: Depart the Abyss  |     1 |       |       ||     1
  Use: Potion            |       |     8 |       ||     8
Armor: Ring mail         |    42 |    53 |    13 ||   108
Dodge: Dodged            |    61 |    63 |    15 ||   139
       Rpst.: Falchion   |    21 |     5 |       ||    26

Table legend: (Time is in decaauts)
 A = Elapsed time spent in this place.
 B = Non-inter-level travel time spent in this place.
 C = Inter-level travel time spent in this place.
 D = Time resting spent in this place.
 E = Time spent auto-exploring this place.
 F = Levels seen in this place.
 G = Mean time per level.
                   A        B        C        D        E       F      G
               +--------+--------+--------+--------+--------+-----+--------+
         Total |   5936 |   5829 |    107 |      4 |   5095 |   8 |  742.0 |
       Dungeon |   5831 |   5724 |    107 |      4 |   5004 |   6 |  971.8 |
         Abyss |    104 |    104 |      0 |      0 |     91 |   2 |   52.0 |
               +--------+--------+--------+--------+--------+-----+--------+

Top non-repeatable levels by time:
     D:1: 1086 daAuts
     D:3: 1083 daAuts
     D:5: 972 daAuts
     D:4: 938 daAuts
     D:2: 931 daAuts
     D:6: 819 daAuts
 Abyss:1: 94 daAuts
 Abyss:2: 10 daAuts
